 Dungeon Crawl Stone Soup version 0.30.1-4-g462c640d31 (webtiles) character file.

Game seed: 15488075054876232882

66 Graphine the Ruffian (level 3, -3/29 HPs)
             Began as a Draconian Transmuter on Aug 26, 2023.
             Killed by an exploding orc priest (32 damage)
             ... ignited by their inner flame
             ... on level 2 of the Dungeon.
             The game lasted 00:04:08 (1225 turns).

Graphine the Ruffian (Draconian Transmuter)         Turns: 1225, Time: 00:04:09

Health: -3/29      AC:  6    Str: 12    XL:     3   Next: 96%
Magic:  4/6        EV: 12    Int: 15    God:
Gold:   45         SH:  0    Dex: 11    Spells: 3/6 levels left

rFire   . . .        g - +1 short sword (venom)
rCold   . . .        (no shield)
rNeg    . . .        (body armour unavailable)
rPois   .            (helmet restricted)
rElec   .            (no cloak)
rCorr   .            (no gloves)
SInv    .            d - +0 pair of boots
Will    .....        (no amulet)
Stlth   +            (no ring)
HPRegen 0.24/turn    (no ring)
MPRegen 0.10/turn

%: no passive effects
@: wereblooded
A: AC +5, unfitting armour, cold-blooded
a: no special abilities


You were on level 2 of the Dungeon.
You visited 1 branch of the dungeon, and saw 2 of its levels.

You collected 45 gold pieces.

Inventory:

Hand Weapons
 g - a +1 short sword of venom (weapon)
Armour
 d - a +0 pair of boots (worn)
Jewellery
 c - a ring of protection from fire
Scrolls
 j - a scroll of enchant armour
Potions
 a - a potion of lignification
 e - a potion of degeneration


   Skills:
 + Level 1.7 Fighting
 + Level 2.1 Dodging
 * Level 3.7 Unarmed Combat
 + Level 2.3 Spellcasting
 * Level 2.7 Transmutations


You had 3 spell levels left.
You knew the following spells:

 Your Spells              Type           Power      Damage    Failure   Level
a - Beastly Appendage     Tmut           18%        N/A       7%          1
b - Wereblood             Tmut           9%         N/A       11%         2

Your spell library contained the following spells:

 Spells                   Type           Power      Damage    Failure   Level
 Foxfire                  Conj/Fire      4%         2x1d4     22%         1
 Kiss of Death            Conj/Necr      4%         2d5       22%         1
 Shock                    Conj/Air       4%         1d3       22%         1
 Spider Form              Tmut/Pois      5%         N/A       36%         3
 Ice Form                 Ice/Tmut       5%         N/A       77%         4
 Airstrike                Air            0%         2d(1-17)  91%         4
 Agony                    Necr           1%         N/A       99%         5
 Fireball                 Conj/Fire      0%         3d3       99%         5
 Plasma Beam              Fire/Air       0%         2x1d11    100%        6
 Starburst                Conj/Fire      0%         6d3       100%        6


Dungeon Overview and Level Annotations

Branches:
Dungeon (2/15)

Altars:


Innate Abilities, Weirdness & Mutations

Your plain brown scales are hard. (AC +5)
You cannot fit into any form of body armour.
You are cold-blooded and may be slowed by cold attacks.


Message History

Your primal bloodlust has ended.
You now have 45 gold pieces (gained 6).
A ball python comes into view.
A ball python is nearby!
Casting: Beastly Appendage (safe; 7% risk of failure)
Confirm with . or Enter, or press ? or * to list all spells.
Your blood is infused with primal strength.
The ball python hisses angrily.
The ball python closely misses you. The ball python grabs you.
The ball python constricts you.
You hit the ball python.
You feel a bit better.
You kill the ball python!
An orc priest comes into view. It is wielding a +0 club.
The orc priest shouts!
An orc comes into view. It is wielding a +0 club.
The orc priest moves out of view.
You see here a ball python corpse. 2 orc priests and an orc come into view.
The orc shouts!
The orc priest shouts!
The orc shouts!
The orc priest shouts!
An orc comes into view. It is wielding a +0 hand axe.
An orc priest comes into view. It is wielding a +0 flail.
The orc priest moves out of view.
You howl as the wereblood boils in your veins!
The orc shouts!
The orc priest miscasts a cantrip.
The orc priest shouts!
You aren't carrying any items that you can evoke.
As you read the scroll labelled WAZUPI HUUMMAF, it crumbles to dust.
The creatures around you are filled with an inner flame!
It was a scroll of immolation.
The orc throws a boomerang.
The boomerang closely misses you.
You hit the orc priest.
Flame seeps out of the orc priest.
The orc priest is poisoned.
The orc priest is moderately wounded.
Flame seeps out of the orc priest.
The orc priest is engulfed in blazing flames.
The orc priest explodes!
The fiery explosion engulfs you!!
Ouch! That really hurt!
You die...

### #.. #####
#.#
#...########.#
#.#..........#
####
#...##########
... ##.## #
######§#####.#
#
...o.§○@.†...#
8...8§o#######
....oo.
..o.o..
.......
8...8..
.......
######.


You could see 3 orc priests and 3 orcs.

Vanquished Creatures
  An orc priest (D:2)
  Natasha (D:2)
  3 dart slugs (D:1)
  3 endoplasms (D:1)
  2 giant cockroaches
  2 goblins (D:1)
  2 hobgoblins (D:1)
  A quokka (D:1)
  5 ball pythons
  A bat (D:1)
  5 frilled lizards
  8 kobolds
  2 rats (D:1)
36 creatures vanquished.

Notes
Turn   | Place    | Note
-------+----------+-------------------------------------------
     0 | D:1      | Graphine the Draconian Transmuter began the quest for the
                  | Orb.
     0 | D:1      | Reached XP level 1. HP: 16/16 MP: 3/3
     6 | D:1      | Noticed a polar bear
     6 | D:1      | Noticed a komodo dragon
     6 | D:1      | Noticed a black mamba
     6 | D:1      | Noticed a swamp drake
    56 | D:1      | Reached XP level 2. HP: 23/23 MP: 5/5
    64 | D:1      | Learned a level 2 spell: Wereblood
   410 | D:1      | Got the Notes on Doomed Clouds
   471 | D:1      | Reached XP level 3. HP: 28/28 MP: 2/6
  1015 | D:2      | Found a faded altar of an unknown god.
  1110 | D:2      | Noticed Natasha
  1117 | D:2      | Killed Natasha
  1225 | D:2      | Killed by an exploding orc priest... ignited by their inner
                  | flame

Illustrated notes

Levels and vault maps discovered:
D:1:      onia_arrival_zoo_common, layout_loops_ring
D:2:      cheibrodos_pilgrimage, layout_loops_ring, serial_aquarium,
          aquarium_bridge_long_joined [aquarium_subvault_bridge,
          aquarium_subvault_bridge, aquarium_subvault_wall,
          aquarium_subvault_balcony, aquarium_subvault_wall,
          aquarium_subvault_bridge], aquarium_bridge_square
          [aquarium_subvault_bridge, aquarium_subvault_wall,
          aquarium_subvault_bridge, aquarium_subvault_wall], aquarium_window_2,
          aquarium_window_3, aquarium_window_fake, aquarium_window_fake,
          aquarium_view_2d, aquarium_view_2f, aquarium_balcony_5a,
          aquarium_pool_corner, basic_ecumenical_altar, minmay_bisected,
          uniq_natasha, uniq_robin, uniq_sigmund

Skill      XL: |  1  2 |
---------------+-------+-----
Dodging        | 2 |  2.1
Fighting       | |  1.7
Unarmed Combat | |  3.7
Spellcasting   | |  2.3
Transmutations | |  2.7

Action                     || total
---------------------------++-------
  Melee: Unarmed           ||    18
         Kick              ||    15
         Tailslap          ||     6
         Headbutt          ||     8
         Short sword       ||    66
   Cast: Beastly Appendage ||    14
         Wereblood         ||    14
    Use: Scroll            ||     6
   Stab: Sleeping          ||     2
 Armour: Skin              ||    26
  Dodge: Dodged            ||    47
